← All builds
Geo / Cortex / Economy first / OBSERVED BUILD

Standard geo

The role's normal economy-first plan: geothermal into T2 constructor and advanced bot lab, then Sheldon-led T2 bots sent to front as the team's early T2 supply.

Usually blows up the commander for T2 (69%)

#eco #t2 #team support · 149 distinct matches · 45 players · 35% of Cortex Geo games · team won 46% of 150 · Recently observed

THE CATCH, AND WHAT COMES WITH IT
  • SheldonSheldon in 43%20% of all Geo games by then

Then transitions into Sheldon (22% of army), Sumo (9% of army).

HOW TO PLAY IT

Key timing: T2 constructor by 5:01

  1. Take 3 mex, then chain wind and a bot lab by 1:13.
  2. Get geothermal up for the energy to push tech.
  3. Hit T2 constructor and start advanced mex and advanced geo.
  4. Bring up the T2 lab and start pumping Sheldon to front.
  5. Pay allies with cons and rez bots while supplying Sheldon and Arbiter.

Phase by phase

TYPICAL OF ITS 149 GAMES
  1. 1
  2. 2
  3. 3
  4. 4
PLAY THE OPENING

Follow the example game's first 6:00 step by step: what to build now, what comes next, and where it goes. At 1× it keeps pace with your own game.

  1. 1

    Up to the Bot Lab

    Economy
    • Metal Extractor3Mex
    • Wind Turbine3Wind
    Order
    1. Bot LabBot Lab after 3 mex, 3 winddone ~1:13, middle half 0:57–1:20

    By 0:56 in all: 3 mex · 3 wind

    The example game in this phase · 5 steps
    1. Mex ×2
    2. Wind ×6
    3. Energy storage
    4. Wind
    5. Bot LabBot Labdone 1:37 · typical 1:13
  2. 2

    Bot Lab to 5:00

    Economy
    • Metal Extractor1Mex
    • Wind Turbine3Wind
    • Energy Converter8Converter
    • Energy Storage1Energy storage
    Order
    1. Geothermal PowerplantGeo after 4 mex, 6 wind, 1 energy storage
    Builders
    • Construction Turret5 Con turret
    • Graverobber4 Graverobber
    • Construction Bot2 Con bot
    • Construction Bot1 Con bot for allies
    • Graverobber1 Graverobber for allies

    By 5:00 in all: 4 mex · 7 wind · 1 geo · 8 converter · 1 energy storage · 5 con turret

    The example game in this phase · 18 steps
    1. Wind
    2. GraverobberGraverobber
    3. Wind ×2
    4. GraverobberGraverobber
    5. Construction BotCon bot
    6. Construction BotCon botfor Beach sea
    7. GraverobberGraverobber
    8. Mex
    9. Construction BotCon bot
    10. Geothermal PowerplantGeodone 3:26 · typical 3:21
    11. Mex
    12. Con turret ×3
    13. Wind ×3
    14. Advanced Metal ExtractorT2 mexdone 5:05 · typical 5:37
    15. Wind
    16. Con turret
    17. Advanced Metal ExtractorT2 mex
    18. Wind
  3. 3

    5:00 to Advanced Bot Lab

    Economy
    • Wind Turbine2Wind
    • Energy Converter2Converter
    Order
    1. Advanced Geothermal PowerplantAdvanced Geothermal Powerplant after 9 wind, 12 converter, 6 con turretin 63% of games
    2. Advanced Bot LabAdvanced Bot Lab after 12 wind, 14 converter, 7 con turretdone ~7:50, middle half 7:28–8:26
    Builders
    • Construction Turret1 Con turret

    By 7:15 in all: 4 mex · 11 wind · 1 geo · 1 Advanced Geothermal Powerplant · 13 converter · 1 energy storage

    The example game in this phase · 12 steps
    1. Converter
    2. Con turret
    3. Wind
    4. Advanced Metal ExtractorT2 mex
    5. Wind
    6. Con turret
    7. Converter ×2
    8. Advanced Geothermal PowerplantAdvanced Geothermal Powerplantdone 7:04 · typical 7:07
    9. Converter ×2
    10. Advanced Metal ExtractorT2 mex
    11. Converter ×7
    12. Advanced Bot LabAdvanced Bot Labdone 7:42 · typical 7:50
  4. 4

    Advanced Bot Lab to 10:00

    Economy
    • Energy Converter3Converter

    Some games also: Sheldon (46%) · radar bot (45%) · T2 con bot for allies (45%) · jammer bot (43%) · con turret (43%)

    By 10:00 in all: 4 mex · 15 wind · 1 geo · 1 Advanced Geothermal Powerplant · 18 converter · 1 energy storage

    The example game in this phase · 81 steps
    1. Converter ×5
    2. DeceiverJammer bot
    3. Converter ×4
    4. AugurRadar bot
    5. Converter ×2
    6. SheldonSheldon ×7done 8:06 · typical 8:44
    7. Twin GuardTwin Guard ×2
    8. SheldonSheldon
    9. Twin GuardTwin Guard
    10. SheldonSheldon
    11. Twin GuardTwin Guard
    12. SheldonSheldon
    13. RocketeerRocketeer
    14. Bot LabBot Labdone 9:27
    15. SumoSumodone 9:31
    16. GruntGrunt
    17. SumoSumo
    18. GruntGrunt ×2
    19. SumoSumo
    20. GruntGrunt
    21. SumoSumo
    22. GruntGrunt
    23. AugurRadar bot
    24. GruntGrunt ×2
    25. AugurRadar bot
    26. GruntGrunt
    27. SumoSumo
    28. GruntGrunt ×2
    29. ArbiterArbiterdone 10:25
    30. GraverobberGraverobber
    31. ArbiterArbiter
    32. JunoJuno
    33. GraverobberGraverobber
    34. ArbiterArbiter
    35. GraverobberGraverobber
    36. TwitcherTwitcher
    37. GraverobberGraverobber
    38. TwitcherTwitcher
    39. GraverobberGraverobber
    40. ArbiterArbiter ×2
    41. GruntGrunt
    42. ArbiterArbiter
    43. GruntGrunt
    44. ArbiterArbiter
    45. GruntGrunt ×2
    46. ArbiterArbiter
    47. GruntGrunt
    48. ArbiterArbiter
    49. GruntGrunt
    50. ArbiterArbiter
    51. GruntGrunt
    52. ManticoreManticoredone 12:52
    53. GruntGrunt
    54. ManticoreManticore
    55. GruntGrunt
    56. ManticoreManticore
    57. GruntGrunt
    58. SkuttleCrawling bombdone 13:47
    59. GruntGrunt ×4
    60. SumoSumo
    61. GruntGrunt
    62. SumoSumo
    63. GruntGrunt ×9
    64. PawnPawn
    65. GruntGrunt
    66. PawnPawn
    67. GruntGrunt ×2
    68. BedbugCrawling bomb
    69. GruntGrunt ×2
    70. PawnPawn
    71. BedbugCrawling bomb
    72. GruntGrunt
    73. PawnPawn
    74. BedbugCrawling bomb
    75. Advanced Radar TowerAdvanced Radar Tower
    76. GruntGrunt
    77. PawnPawn
    78. BedbugCrawling bomb
    79. GruntGrunt
    80. BedbugCrawling bomb
    81. GruntGrunt ×2

Counts are medians over the build's games: half of them build more, half fewer. The example game is Espera's (39 OS, 28/09/2026); pick another.

Team trades

IN AT LEAST 30% OF ITS GAMES

You hand over

  • Graverobber1 Graverobber to Beach sea or Frontfirst at 2:24 · in 76% of games
  • Construction Bot1 Con bot to Beach sea or Pondfirst at 2:44 · in 86% of games
  • Advanced Construction Bot1 T2 con bot to Suicide front or Frontfirst at 8:27 · in 52% of games

You get

  • Advanced Construction Bot1 T2 con bot from Techfirst at 4:50 · in 91% of games

How it plays out

Typical game of this build, running totals by minute

Metal produced

020k40k
0:005:0010:0015:00

metal

Enemy metal destroyed

05k10k
0:005:0010:0015:00

metal

Own metal lost

02.5k5k7.5k
0:005:0010:0015:00

metal

150 games.

Show as table
ByMetal produced: This buildEnemy metal destroyed: This buildOwn metal lost: This build
1:0033500
2:0086200
3:00150200
4:00266400
5:00375500
6:00569000
7:00797800
8:001104700
9:00140814393
10:0016944406259
11:00198111299715
12:002267625361639
13:002555943412635
14:002849658724362
15:003165579696326
WHAT THE NUMBERS SAY

Standard geo won under half its games while destroying far more metal than it lost by 15:00, showing the T2 push pays off when it lands.

  • + Enemy metal destroyed hits 7969 by 15:00 versus only 6290 lost.
  • + Advanced geothermal reached in 67% of games, funding a fast T2 lab.
  • − Team win rate sits at only 45%, below an even split.
  • − First Sheldon only appears by 9:06 in 31% of games, so T2 units often arrive late.
THE EXAMPLE YOU ARE READING

Espera

39.0 OS · 28/09/2026

Open source match ↗

2 received units · includes a constructor
913 metal received · 37205 energy received

Allied construction assistance is unknown. Timings are observations, not a promise of solo reproducibility.

Typical milestones

Bot Lab1:13Middle 50%: 0:57–1:20 · n=150
Geothermal Powerplant3:21Middle 50%: 3:07–3:37 · n=150
Advanced Metal Extractor5:37Middle 50%: 5:19–6:00 · n=136
Advanced Geothermal Powerplant7:07Middle 50%: 6:43–7:32 · n=99
Advanced Bot Lab7:50Middle 50%: 7:28–8:26 · n=108
Sheldon8:44Middle 50%: 8:03–9:21 · n=88

Played most by

RogShotz12games of this buildzeus_on_god12games of this build_Hawkey_10games of this buildAmrissa9games of this buildGodmother139games of this build